 Dungeon Crawl Stone Soup version 0.30-b1-2-g02819fbbbe (webtiles) character file.

Game seed: 12791171229298315321

24889 lucassayen the Severer (level 13, -6/94 (124) HPs)
             Began as a Hill Orc Fighter on June 15, 2023.
             Was the Champion of Beogh.
             Mangled by Rupert
             ... wielding a +4 great mace of draining
              (17 damage)
             ... on level 5 of the Lair of Beasts.
             The game lasted 01:40:46 (18319 turns).

lucassayen the Severer (Hill Orc Fighter)          Turns: 18319, Time: 01:40:46

HP:   -6/94 (124)   AC: 26    Str: 17    XL:     13   Next: 16%
MP:   24/24         EV:  4    Int: 12    God:    Beogh [******]
Gold: 1254          SH: 10    Dex: 10    Spells: 12/12 levels left

rFire   + . .        W - +10 morningstar "Rahuacko" {heavy, Str-3 Int+5 Stlth+}
rCold   + + +        p - +0 kite shield
rNeg    . . .        V - +7 plate armour "Micvafon" {rPois rC++ Regen+ Int-5}
rPois   +            E - +0 helmet
rElec   .            y - +2 cloak {rCorr}
rCorr   +            I - +1 pair of gloves of the Valley of Death {rF+}
SInv    +            Q - +0 pair of boots
Will    .....        (no amulet) Stlth
                     n - ring of protection from cold
HPRegen 1.15/turn    N - ring of see invisible
MPRegen 0.19/turn

%: no passive effects
@: silenced, studying Dodging, heavily drained
A: walk on water
a: Renounce Religion


You were on level 5 of the Lair of Beasts.
You worshipped Beogh.
Beogh was exalted by your worship.
You visited 2 branches of the dungeon, and saw 14 of its levels.
You also visited: Bailey.

You collected 1254 gold pieces.

Inventory:

Hand Weapons
 a - the +8 battleaxe "Tutie" {drain, rElec rPois rC+ Int+2}
   (You found it in a bailey)

   Int:       It affects your intelligence (+2).
   rC:        It protects you from cold.
   rElec:     It insulates you from electricity.
   rPois:     It protects you from poison.
 K - a +4 trident of flaming
 S - a +2 morningstar of protection
 W - the +10 morningstar "Rahuacko" (weapon) {heavy, Str-3 Int+5 Stlth+}
   (You took it off a spriggan in a bailey)

   Str:       It affects your strength (-3).
   Int:       It affects your intelligence (+5).
   Stlth:     It makes you more stealthy.
Missiles
 M - 14 poisoned darts (quivered)
Armour
 f - an orb of wrath
 i - +0 fire dragon scales
 p - a +0 kite shield (worn)
 y - a +2 cloak of preservation (worn)
 E - a +0 helmet (worn)
 I - the +1 pair of gloves of the Valley of Death (worn) {rF+}
   (You found it on level 5 of the Dungeon)

   rF:        It protects you from fire.
 Q - a +0 pair of boots (worn)
 U - a +1 chain mail of fire resistance
 V - the +7 plate armour "Micvafon" (worn) {rPois rC++ Regen+ Int-5}
   (You found it on level 5 of the Dungeon)

   Int:       It affects your intelligence (-5).
   rC:        It greatly protects you from cold.
   rPois:     It protects you from poison.
   Regen:     It increases your rate of health regeneration.
Jewellery
 d - a ring of fire
 n - a ring of protection from cold (left hand)
 N - a ring of see invisible (right hand)
Wands
 v - a wand of polymorph (6)
 C - a wand of iceblast (20)
 G - a wand of charming (11)
 J - a wand of digging (11)
 T - a wand of quicksilver (5)
 Y - a wand of flame (25)
Scrolls
 c - 3 scrolls of immolation {unknown}
 e - 5 scrolls of enchant armour
 h - a scroll of identify
 o - 4 scrolls of magic mapping
 q - 2 scrolls of silence
 s - 5 scrolls of teleportation
 t - a scroll of poison
 u - 4 scrolls of fear
 w - 4 scrolls of amnesia
 x - 4 scrolls of blinking
 B - 2 scrolls of torment {unknown}
 F - a scroll of butterflies {unknown}
 H - 2 scrolls of fog {unknown}
 Z - 2 scrolls of enchant weapon {unknown}
Potions
 g - 4 potions of magic
 j - 6 potions of brilliance
 k - 11 potions of degeneration
 l - 3 potions of flight {unknown}
 m - 3 potions of attraction {unknown}
 z - 6 potions of curing
 A - 3 potions of cancellation {unknown}
 D - a potion of mutation {unknown}
 L - 5 potions of lignification
 O - a potion of ambrosia {unknown}
 P - 4 potions of might
 R - a potion of invisibility {unknown}
 X - a potion of haste


   Skills:
 * Level 14.2 Fighting
 * Level 15.3 Axes
 - Level 4.2 Armour
 - Level 1.2 Dodging
 + Level 9.8 Shields
 * Level 14.7 Invocations


You had 12 spell levels left.
You didn't know any spells.
Your spell library contained the following spells:

 Spells                   Type           Power      Damage    Failure   Level
 Shock                    Conj/Air       0%         1d3       100%        1
 Inner Flame              Hex/Fire       0%         N/A       100%        3
 Swiftness                Air            0%         N/A       100%        3
 Tukima's Dance           Hex            0%         N/A       100%        3
 Vhi's Electric Charge    Tloc/Air       0%         N/A       100%        3
 Airstrike                Air            0%         2d(0-16)  100%        4
 Flame Wave               Conj/Fire      0%         2d4       100%        4
 Olgreb's Toxic Radiance  Pois           0%         N/A       100%        4
 Passage of Golubria      Tloc           0%         N/A       100%        4
 Sticky Flame             Conj/Fire      0%         2d3       100%        4
 Arcjolt                  Conj/Air       0%         1d10      100%        5
 Yara's Violent Unravell  Hex/Tmut       0%         3d3       100%        5
 Discord                  Hex            0%         N/A       100%        8
 Ignition                 Fire           0%         3d3       100%        8
 Maxwell's Capacitive Co  Air            0%         ∞         100%        8


Dungeon Overview and Level Annotations

Branches:
Dungeon (9/15)             Temple (0/1) D:5            Lair (5/5) D:9
 Shoals (0/4) Lair:2       Spider (0/4) Lair:3        Slime (0/5) Lair:4
    Orc (0/2) D:9          Bailey (visited)

Altars:
Ashenzari
Dithmenos
Elyvilon
Fedhas
Gozag
Hepliaklqana
Nemelex Xobeh
Okawaru
Sif Muna
Trog
Uskayaw
Wu Jian
Yredelemnul
Beogh

Shops:
D:1 :   D:3 !   D:6 (

Annotations:
Lair:5 Rupert


Message History

You hammer Rupert like a gong!!!
Rupert is heavily wounded.
Rupert hits you with a +4 great mace of draining!!
You feel drained.
Worak closely misses Rupert.
Rupert hits you with a +4 great mace of draining!
You feel drained.
Rupert hits you with a +4 great mace of draining!
You feel drained.
Worak hits Rupert with a +0 flail.
Worak hits Rupert with a +0 flail.
Rupert hits Worak with a +4 great mace of draining!!
Rupert drains Worak.
Worak hits Rupert with a +0 flail!
Rupert barely misses Worak.
You feel better.
Rupert hits Worak with a +4 great mace of draining!!!
Rupert drains Worak!!
Worak hits Rupert but does no damage.
Rupert hits Worak with a +4 great mace of draining!!!
Worak dies!
You block Rupert's attack.
You bludgeon Rupert!!
Rupert is severely wounded.
Rupert hits you with a +4 great mace of draining!
You feel drained.
Rupert hits you with a +4 great mace of draining!
* * * LOW HITPOINT WARNING * * *
You feel drained.
* * * LOW HITPOINT WARNING * * *
Rupert hits you with a +4 great mace of draining.
* * * LOW HITPOINT WARNING * * *
You feel drained.
You bludgeon Rupert!!
Rupert is almost dead.
You block Rupert's attack.
Rupert hits you with a +4 great mace of draining.
* * * LOW HITPOINT WARNING * * *
You feel drained.
* * * LOW HITPOINT WARNING * * *
You hit Rupert but do no damage.
Rupert is almost dead.
Rupert hits you with a +4 great mace of draining!
You die...

.................####..
.................#....§
..##.............#..P..
#####.................
§ # ##...............#
.§
#.......P........#...
#P...................
##...................
#............@.......
##..........)@.......
###
#........P....PP....
..#
#......##.......#...
.##
#.......#.#.#.P#...# ##
#.....P##.####.~~....
###.........# ..~....
.#.......... ..##...
........... .......


You could see Rupert (berserk).

Vanquished Creatures
  The ghost of Vufrucs the Grappler, a journeyman DrTm of Wu Jian (Lair:4)
  A hydra (Lair:5)
  A catoblepas (Lair:5)
  5 death yaks
  2 two-headed ogres
  A manticore (Lair:5)
  3 elephants
  A merfolk siren (Lair:2)
  A cane toad (Lair:3)
  A rust devil (D:5)
  A komodo dragon (Lair:4)
  2 merfolk (Lair:2)
  A dream sheep (Lair:3)
  3 spriggans (Bailey)
  10 yaks
  A wyvern (Lair:1)
  A basilisk (Lair:1)
  A steam dragon (Bailey)
  A water moccasin (Lair:5)
  An ice beast (D:5)
  6 black bears
  A hornet zombie (D:6)
  An orc warrior (D:9)
  7 ogres
  3 wolves
  A centaur (D:7)
  A wyvern zombie (D:6)
  5 bullfrogs
  A gnoll sergeant (D:8)
  A scorpion (D:4)
  2 water moccasin zombies (D:6)
  6 wights (D:9)
  3 killer bees (D:9)
  3 howler monkeys
  An electric eel (Lair:2)
  2 hounds
  A jelly (D:7)
  3 gnoll boudas
  Jessica (D:2)
  An iguana (D:4)
  Natasha (thrice) (D:2)
  An orc wizard (D:4)
  A killer bee zombie (D:6)
  9 gnolls
  5 adders
  A shadow imp (D:4)
  4 worms
  2 dart slugs
  7 orcs
  3 bats (D:3)
  5 endoplasms
  4 giant cockroaches
  12 goblins
  4 hobgoblins
  7 jackals
  4 quokkas (D:3)
  12 ball pythons
  3 frilled lizards
  8 kobolds
  6 rats
  A bush (Lair:2)
  A fungus (Lair:5)
  A plant (Lair:2)
193 creatures vanquished.

Vanquished Creatures (collateral kills)
  2 hydras
  A death yak (Lair:5)
  2 lindwurms (Lair:5)
  A manticore (Lair:5)
  3 elephants (Lair:4)
  A rust devil (D:5)
  4 black mambas
  A torpor snail (Lair:5)
  7 cane toads
  2 komodo dragons
  3 rime drakes
  15 blink frogs
  A tarantella (Lair:3)
  Prince Ribbit (D:9)
  6 dream sheep
  4 wyverns
  2 basilisks
  12 yaks
  Menkaure (D:7)
  11 water moccasins
  An acid dragon (D:9)
  A swamp drake (D:9)
  3 orc warriors
  An ice beast (D:5)
  3 black bears
  A sky beast (D:7)
  10 wolves
  3 ogres
  2 centaurs (D:7)
  2 phantoms
  6 bullfrogs
  A kobold brigand (D:8)
  A gnoll sergeant (D:9)
  3 scorpions
  3 necrophages (D:6)
  A wyvern zombie (D:6)
  2 wights (D:9)
  5 killer bees (D:9)
  2 howler monkeys (D:9)
  A human zombie (D:6)
  A centaur zombie (D:6)
  3 jellies
  6 orc priests
  A hound (D:5)
  A gnoll bouda (D:5)
  2 sleepcaps
  6 orc wizards
  A hell rat (Lair:5)
  A killer bee zombie (D:6)
  15 gnolls
  An adder (D:5)
  An ufetubus (D:5)
  A worm (D:5)
  A dart slug (D:4)
  8 orcs
  A goblin (D:7)
  7 kobolds
  A bush (Lair:3)
  A butterfly (Lair:3)
  2 fungi (Lair:5)
193 creatures vanquished.

Vanquished Creatures (others)
  An orc knight (Lair:5)
  7 orc warriors
  5 orc priests
  2 orc wizards
  23 orcs
  55 fungi
  63 plants
  10 withered plants (D:1)
166 creatures vanquished.

Grand Total: 552 creatures vanquished

Notes
Turn   | Place    | Note
-------+----------+-------------------------------------------
     0 | D:1      | lucassayen the Hill Orc Fighter began the quest for the
                  | Orb.
     0 | D:1      | Reached XP level 1. HP: 19/19 MP: 1/1
   161 | D:1      | Found a faded altar of an unknown god.
   189 | D:1      | Prayed at the altar of an unknown god.
   189 | D:1      | Became a worshipper of Beogh the Brigand
   189 | D:1      | Reached * piety under Beogh
   265 | D:1      | Reached XP level 2. HP: 27/27 MP: 2/2
   540 | D:1      | Reached skill level 3 in Axes
   697 | D:1      | Found Foemmud's Book Shoppe.
  1129 | D:2      | Reached XP level 3. HP: 33/33 MP: 3/3
  1508 | D:2      | Reached ** piety under Beogh
  1530 | D:2      | Noticed Jessica
  1563 | D:2      | Killed Jessica
  1564 | D:2      | Reached XP level 4. HP: 20/40 MP: 4/4
  1665 | D:2      | Found a sparkling altar of Nemelex Xobeh.
  1696 | D:2      | Noticed Natasha
  1709 | D:2      | Killed Natasha
  1710 | D:2      | Reached skill level 1 in Dodging
  1854 | D:2      | Noticed Natasha
  1872 | D:2      | Killed Natasha
  1873 | D:2      | Reached XP level 5. HP: 47/47 MP: 5/5
  1881 | D:2      | Noticed Natasha
  1889 | D:2      | Killed Natasha
  1890 | D:2      | Reached skill level 4 in Axes
  1890 | D:2      | Reached skill level 1 in Invocations
  2197 | D:3      | Found Puag's Distillery.
  2388 | D:3      | Found a shimmering blue altar of Sif Muna.
  3144 | D:3      | Found a bloodstained altar of Trog.
  3238 | D:4      | Reached skill level 5 in Fighting
  3238 | D:4      | Reached XP level 6. HP: 30/56 MP: 6/8
  3351 | D:4      | Reached *** piety under Beogh
  3372 | D:4      | Reached skill level 5 in Axes
  3632 | D:4      | Found an ornate altar of the Wu Jian Council.
  4108 | D:4      | Reached XP level 7. HP: 50/61 MP: 9/9
  4266 | D:5      | Entered Level 5 of the Dungeon
  4514 | D:5      | Found a staircase to the Ecumenical Temple.
  4522 | D:5      | Reached skill level 6 in Axes
  4544 | D:5      | Gained Bogwald as an ally
  4847 | D:5      | Reached skill level 5 in Invocations
  4847 | D:5      | Reached XP level 8. HP: 71/71 MP: 11/11
  5058 | D:5      | Identified the +1 pair of gloves of the Valley of Death
                  | {rF+}
  5103 | D:5      | Reached **** piety under Beogh
  5624 | D:6      | Reached skill level 5 in Shields
  5625 | D:6      | Reached skill level 7 in Axes
  5650 | D:6      | Found a sand-covered staircase.
  5706 | D:6      | Noticed a +0 spear
  5706 | D:6      | Noticed a +0 falchion
  5707 | D:6      | Noticed a +0 dagger
  5709 | D:6      | Noticed a +0 falchion
  5709 | D:6      | Noticed a +0 short sword
  5709 | D:6      | Noticed a +0 dagger
  5710 | D:6      | Noticed a +0 spear
  5710 | D:6      | Noticed a +0 short sword
  5717 | D:6      | Found a hide-covered altar of Uskayaw.
  6079 | D:6      | Found Zogegukau's Weapon Shop.
  6272 | D:6      | Found a basalt altar of Yredelemnul.
  6276 | D:6      | Reached skill level 8 in Axes
  6287 | D:6      | Reached XP level 9. HP: 67/81 MP: 14/14
  6529 | D:5      | Noticed a rust devil
  6529 | D:5      | Noticed a rust devil
  6534 | D:5      | Your ally Bogwald died
  6538 | D:5      | Killed a rust devil
  6540 | D:5      | Killed a rust devil
  6593 | D:5      | Identified the +7 plate armour "Micvafon" {rPois rC++
                  | Regen+ Int-5}
  7144 | D:7      | Found a flagged portal.
  7243 | Bailey   | Entered a bailey
  7274 | Bailey   | Reached skill level 9 in Axes
  7373 | Bailey   | Identified the +10 morningstar "Rahuacko" {heavy, Str-3
                  | Int+5 Stlth+}
  7405 | Bailey   | Noticed a two-headed ogre
  7413 | Bailey   | Killed a two-headed ogre
  7414 | Bailey   | Reached skill level 10 in Axes
  7414 | Bailey   | Reached XP level 10. HP: 33/92 MP: 15/17
  7537 | Bailey   | Identified the +8 battleaxe "Tutie" {drain, rElec rPois rC+
                  | Int+2}
  7540 | Bailey   | Identified the +3 triple crossbow of Ahytioh {antimagic,
                  | Fragile +Blink Dex+4 SInv}
  8107 | D:7      | Noticed Menkaure
  8113 | D:7      | Killed Menkaure
  8129 | D:7      | Reached skill level 10 in Fighting
  8988 | D:8      | Reached skill level 10 in Invocations
  9044 | D:8      | Identified the +1 robe "Piezy" {Fly rPois Int+4 Dex-3}
  9831 | D:8      | Found an opulent altar of Gozag.
  9832 | D:8      | Found an iron altar of Okawaru.
  9836 | D:8      | Found a white marble altar of Elyvilon.
  9870 | D:8      | Found a shadowy altar of Dithmenos.
  9874 | D:8      | Found a broken altar of Ashenzari.
 10269 | D:9      | Noticed a two-headed ogre
 10273 | D:9      | Killed a two-headed ogre
 10274 | D:9      | Reached skill level 11 in Axes
 10298 | D:9      | Reached ***** piety under Beogh
 10313 | D:9      | Reached XP level 11. HP: 79/101 MP: 19/19
 10619 | D:9      | Found a blossoming altar of Fedhas.
 10619 | D:9      | Noticed Prince Ribbit
 10622 | D:9      | Killed Prince Ribbit
 10664 | D:9      | Found a staircase to the Lair.
 11311 | D:9      | Found a staircase to the Orcish Mines.
 11452 | D:9      | Found a hazy altar of Hepliaklqana.
 11653 | Lair:1   | Entered Level 1 of the Lair of Beasts
 11714 | Lair:1   | Reached skill level 12 in Axes
 12640 | Lair:2   | Noticed a four-headed hydra
 13936 | Lair:2   | Killed a four-headed hydra
 14288 | Lair:2   | Noticed a death yak
 14289 | Lair:2   | Noticed a death yak
 14290 | Lair:2   | Noticed a death yak
 14297 | Lair:2   | Killed a death yak
 14298 | Lair:2   | Killed a death yak
 14299 | Lair:2   | Killed a death yak
 14350 | Lair:2   | Reached skill level 13 in Axes
 14534 | Lair:2   | Reached XP level 12. HP: 113/113 MP: 21/21
 14851 | Lair:2   | Found a staircase to the Shoals.
 15321 | Lair:3   | Reached ****** piety under Beogh
 15350 | Lair:3   | Gained Bogbrand as an ally
 15498 | Lair:3   | Found a hole to the Spider Nest.
 15872 | Lair:3   | Reached skill level 14 in Axes
 15939 | Lair:3   | Noticed a four-headed hydra
 15944 | Lair:3   | Killed a five-headed hydra
 16589 | Lair:4   | Found a large runed translucent door.
 16589 | Lair:4   | Found a large runed translucent door.
 16598 | Lair:4   | Noticed Vufrucs's ghost (journeyman DrTm)
 16614 | Lair:4   | Killed Vufrucs's ghost
 16671 | Lair:4   | Found a staircase to the Slime Pits.
 16677 | Lair:4   | Identified the +1 leather armour "Sajaucw" {Stlth+}
 17276 | Lair:5   | Entered Level 5 of the Lair of Beasts
 17516 | Lair:5   | Noticed a five-headed hydra
 17518 | Lair:5   | Noticed a death yak
 17521 | Lair:5   | Noticed a death yak
 17523 | Lair:5   | Killed a five-headed hydra
 17524 | Lair:5   | Killed a death yak
 17529 | Lair:5   | Killed a death yak
 17530 | Lair:5   | Reached XP level 13. HP: 106/123 MP: 23/23
 17758 | Lair:5   | Reached skill level 15 in Axes
 17965 | Lair:5   | Gained Worak as an ally
 18304 | Lair:5   | Noticed Rupert
 18316 | Lair:5   | Your ally Worak died
 18319 | Lair:5   | Mangled by Rupert

Illustrated notes

Levels and vault maps discovered:
D:1:      lightli_arrival_quake, layout_loops_corners,
          shapermc_ecumenical_altar_flowoftime, serial_shops,
          nicolae_shop_waterfront
D:2:      layout_loops_cross, basic_altar, corexii_leaking_fountain,
          minmay_cupped, uniq_natasha, uniq_jessica
D:3:      layout_loops_ring, trog_butcher_becter, mainiacjoe_overflow_brackets,
          serial_shops, shop
D:4:      layout_rooms, mainiacjoe_overflow_tiny_flanked,
          minmay_manual_monstrance
D:5:      cheibrodos_iron_armory, layout_basic, minmay_temple_entry_sparse_star,
          hangedman_minor_gate_pass
D:6:      layout_cave_pools, nicolae_uskayaw_en_pointe,
          lemuel_mausoleum_altar_yredelemnul, serial_shops,
          kennysheep_little_box, enter_ossuary_2
D:7:      layout_loops_ring, enter_bailey_3, serial_rivers,
          chequers_serial_rivers_large_b, chequers_serial_rivers_small_a,
          chequers_serial_rivers_micro_e, chequers_serial_rivers_micro_c,
          dreamdust_mushroom_princess, hangedman_abyss_or_decor_stagger,
          uniq_menkaure
D:8:      layout_layer_cave, nicolae_overflow_hidden_temple
D:9:      layout_loops_ring, fedhas_altar_1, worldfamousw_hep_ancestral_shrine,
          lair_entry_dummy, erik_orc_1, uniq_prince_ribbit1
Lair:1:   layout_small_grid
Lair:2:   layout_concentric_octagons, elwin_shoals_entry_rooms,
          beast_lair_carwin_10
Lair:3:   layout_regular_city, spider_nest_entry_rubble, gauntlet_entry_generic,
          beast_lair_carwin_2, grunt_megastairs_1, infiniplex_staircase_pool_2,
          lemuel_fruit_fields
Lair:4:   layout_gridlike, slime_entry_1, ebering_ghost_disaster_area
Lair:5:   hangedman_lair_in_review, layout_gridlike, guppyfry_lair_end_dragon,
          serial_bayou_shore_a, uniq_rupert

Skill      XL: |  1  2  3  4  5  6  7  8  9 10 11 12 13 |
---------------+----------------------------------------+-----
Axes           | 3 4 5 6 8 10 11 13 14 15 | 15.3
Fighting       | 4 5 6 7 9 10 12 13 14 | 14.2
Armour         | 4 |  4.2
Dodging        | 1 |  1.2
Invocations    | 2 3 5 7 9 10 12 14 | 14.7
Shields        | 4 5 6 7 8 9 |  9.8

Action                     |  1- 3 |  4- 6 |  7- 9 | 10-12 | 13-15 || total
---------------------------+-------+-------+-------+-------+-------++-------
  Melee: War axe           |   110 |   133 |       |       |       ||   243
         Unarmed           |       |     9 |       |       |       ||     9
         Flail             |       |    77 |   110 |       |       ||   187
         Morningstar       |       |       |    55 |   241 |    26 ||   322
  Throw: Stone             |     3 |       |     2 |       |       ||     5
         Dart              |       |       |     1 |       |       ||     1
 Invoke: Give Item to Name |       |       |       |       |     1 ||     1
  Evoke: Wand              |       |     4 |       |       |     2 ||     6
    Use: Scroll            |       |     3 |     2 |       |     9 ||    14
         Potion            |       |     2 |     2 |       |     3 ||     7
   Stab: Distracted        |       |     1 |     2 |     1 |     1 ||     5
 Armour: Scale mail        |    36 |    72 |       |       |       ||   108
         Chain mail        |       |    30 |    48 |       |       ||    78
         Plate armour      |       |       |    39 |   259 |    38 ||   336
  Dodge: Dodged            |    31 |    91 |    62 |    58 |     5 ||   247
  Block: Buckler           |    13 |       |       |       |       ||    13
         Kite shield       |    14 |   106 |    79 |   180 |    17 ||   396
